| TOP OF THE 1ST |
|
Hartford Yard Goats batting - Pitching for Atlanta (MID) Braves : RHP Rashid bin Ala'
|
|
Pitching: RHP Rashid bin Ala'
|
|
|
Batting: RHB Doug D'Onofrio
|
0-0: Called Strike 0-1: Ball 1-1: Foul Ball, location: 2F 1-2: Foul Ball, location: 2F 1-2: Strikes out swinging
|
|
Batting: LHB Mick Tucker
|
0-0: Ball 1-0: Ground out 4-3 (Groundball, 34D, EV 84.4 MPH)
|
|
Batting: RHB Kevin Tangeman
|
0-0: Called Strike 0-1: Foul Ball, location: 2F 0-2: Foul Ball, location: 2F 0-2: Ground out 5-3 (Groundball, 56, EV 86.2 MPH)
|
| Top of the 1st over - 0 runs, 0 hits, 0 errors, 0 left on base; Hartford 0 - Atlanta (MID) 0 |
| BOTTOM OF THE 1ST |
|
Atlanta (MID) Braves batting - Pitching for Hartford Yard Goats : RHP Curt De Kock
|
|
Pitching: RHP Curt De Kock
|
|
|
Batting: RHB Toki Takeuchi
|
0-0: Fly out, F3 (Line Drive, 34, EV 71.9 MPH)
|
|
Batting: RHB Badr al Din Ridha
|
0-0: Ball 1-0: Ball 2-0: Ball 3-0: Base on Balls
|
|
Batting: RHB Zheng-ze King
|
0-0: Ball Badr al Din Ridha is caught stealing 2nd base 2-4 1-0: Ground out 6-3 (Groundball, 56, EV 108.8 MPH)
|
| Bottom of the 1st over - 0 runs, 0 hits, 0 errors, 0 left on base; Hartford 0 - Atlanta (MID) 0 |
| TOP OF THE 2ND |
|
Hartford Yard Goats batting - Pitching for Atlanta (MID) Braves : RHP Rashid bin Ala'
|
|
Batting: LHB Paul McClintock
|
0-0: Called Strike 0-1: Ground out 6-3 (Groundball, 6, EV 99.4 MPH)
|
|
Batting: RHB Manny Thompson
|
0-0: Ball 1-0: Fly out, F6 (Popup, 6MS, EV 84.4 MPH)
|
|
Batting: SHB Craig Ruzic
|
0-0: Foul Ball, location: 2F 0-1: Fly out, F9 (Flyball, 9, EV 83.1 MPH)
|
| Top of the 2nd over - 0 runs, 0 hits, 0 errors, 0 left on base; Hartford 0 - Atlanta (MID) 0 |
| BOTTOM OF THE 2ND |
|
Atlanta (MID) Braves batting - Pitching for Hartford Yard Goats : RHP Curt De Kock
|
|
Batting: SHB Richello Badua
|
0-0: Called Strike 0-1: Foul Ball, location: 2F 0-2: Ball 1-2: SINGLE (Line Drive, 9S, EV 101.9 MPH)
|
|
Batting: RHB Josh McCormick
|
0-0: Called Strike 0-1: Swinging Strike 0-2: Ball 1-2: Ball 2-2: Foul Ball, location: 2F 2-2: Foul Ball, location: 2F 2-2: Fly out, F7 (Flyball, 7, EV 92.5 MPH)
|
|
Batting: LHB Oke Monti
|
0-0: Ball Richello Badua steals 2nd base 1-0: Called Strike 1-1: Called Strike 1-2: Foul Ball, location: 2F 1-2: Fly out, F9 (Flyball, 9D, EV 85.6 MPH)
|
|
Batting: RHB Nick Holsinger
|
0-0: Called Strike 0-1: Foul Ball, location: 2F 0-2: Ball 1-2: Strikes out swinging
|
| Bottom of the 2nd over - 0 runs, 1 hit, 0 errors, 1 left on base; Hartford 0 - Atlanta (MID) 0 |
| TOP OF THE 3RD |
|
Hartford Yard Goats batting - Pitching for Atlanta (MID) Braves : RHP Rashid bin Ala'
|
|
Batting: RHB Seisaburo Edagawa
|
0-0: Foul Ball, location: 2F 0-1: Fly out, F9 (Flyball, 9LS, EV 78.8 MPH)
|
|
Batting: SHB Clayton Saunders
|
0-0: Called Strike 0-1: Called Strike 0-2: Foul Ball, location: 2F 0-2: Strikes out swinging
|
|
Batting: RHB Ighlas Mwara
|
0-0: Called Strike 0-1: Fly out, F7 (Flyball, 78M, EV 80.6 MPH)
|
| Top of the 3rd over - 0 runs, 0 hits, 0 errors, 0 left on base; Hartford 0 - Atlanta (MID) 0 |
| BOTTOM OF THE 3RD |
|
Atlanta (MID) Braves batting - Pitching for Hartford Yard Goats : RHP Curt De Kock
|
|
Batting: LHB Joe Phillips
|
0-0: Ball 1-0: Ball 2-0: Called Strike 2-1: Ball 3-1: Base on Balls
|
|
Batting: RHB Phil Holman
|
0-0: Called Strike 0-1: Ball 1-1: Ball Wild Pitch! Joe Phillips to second 2-1: Ground out 5-3 (Groundball, 5S, EV 64.4 MPH) Joe Phillips to third
|
|
Batting: RHB Toki Takeuchi
|
0-0: Ball 1-0: Fly out, F4 (Line Drive, 34, EV 73.1 MPH)
|
|
Batting: RHB Badr al Din Ridha
|
0-0: Called Strike 0-1: Swinging Strike 0-2: Foul Ball, location: 2F 0-2: Foul Ball, location: 2F 0-2: Ball 1-2: Ball 2-2: Foul Ball, location: 2F 2-2: Foul Ball, location: 2F 2-2: Foul Ball, location: 2F 2-2: Foul Ball, location: 2F 2-2: Ball 3-2: Fly out, F9 (Flyball, 9LM, EV 90.6 MPH)
|
| Bottom of the 3rd over - 0 runs, 0 hits, 0 errors, 1 left on base; Hartford 0 - Atlanta (MID) 0 |
| TOP OF THE 4TH |
|
Hartford Yard Goats batting - Pitching for Atlanta (MID) Braves : RHP Rashid bin Ala'
|
|
Batting: RHB Doug D'Onofrio
|
0-0: Called Strike 0-1: Ground out 5-3 (Groundball, 56, EV 78.8 MPH)
|
|
Batting: LHB Mick Tucker
|
0-0: Ball 1-0: Called Strike 1-1: Ball 2-1: Ground out 4-3 (Groundball, 4M, EV 86.2 MPH)
|
|
Batting: RHB Kevin Tangeman
|
0-0: SINGLE (Groundball, 6D, EV 102.5 MPH)
|
|
Batting: LHB Paul McClintock
|
0-0: Called Strike 0-1: Ball 1-1: Fly out, F9 (Flyball, 9, EV 93.8 MPH)
|
| Top of the 4th over - 0 runs, 1 hit, 0 errors, 1 left on base; Hartford 0 - Atlanta (MID) 0 |
| BOTTOM OF THE 4TH |
|
Atlanta (MID) Braves batting - Pitching for Hartford Yard Goats : RHP Curt De Kock
|
|
Batting: RHB Zheng-ze King
|
0-0: Ball 1-0: Called Strike 1-1: Ball 2-1: Called Strike 2-2: Ball 3-2: SINGLE (Line Drive, 6D, EV 94.4 MPH)
|
|
Batting: SHB Richello Badua
|
0-0: Ball 1-0: Ball 2-0: Ball 3-0: Base on Balls Zheng-ze King to second
|
|
Batting: RHB Josh McCormick
|
0-0: Called Strike 0-1: Foul Ball, location: 2F 0-2: Ball 1-2: Fly out, F9 (Flyball, 89M, EV 80.0 MPH) Runner from 2nd tags up, OUT at 3rd! 9-5
|
|
Batting: LHB Oke Monti
|
0-0: Ball 1-0: Foul Ball, location: 2F Pickoff Throw to First - Out! 1-3
|
| Bottom of the 4th over - 0 runs, 1 hit, 0 errors, 0 left on base; Hartford 0 - Atlanta (MID) 0 |
| TOP OF THE 5TH |
|
Hartford Yard Goats batting - Pitching for Atlanta (MID) Braves : RHP Rashid bin Ala'
|
|
Batting: RHB Manny Thompson
|
0-0: Ground out 4-3 (Groundball, 4, EV 95.0 MPH)
|
|
Batting: SHB Craig Ruzic
|
0-0: Ball 1-0: Ball 2-0: Hit by Pitch
|
|
Batting: RHB Seisaburo Edagawa
|
0-0: Fly out, F9 (Flyball, 89S, EV 92.5 MPH)
|
|
Batting: SHB Clayton Saunders
|
0-0: Ground out 4-3 (Groundball, 4MS, EV 71.9 MPH)
|
| Top of the 5th over - 0 runs, 0 hits, 0 errors, 1 left on base; Hartford 0 - Atlanta (MID) 0 |
| BOTTOM OF THE 5TH |
|
Atlanta (MID) Braves batting - Pitching for Hartford Yard Goats : RHP Curt De Kock
|
|
Batting: LHB Oke Monti
|
0-0: Called Strike 0-1: Ball 1-1: Fly out, F9 (Flyball, 89M, EV 80.6 MPH)
|
|
Batting: RHB Nick Holsinger
|
0-0: Called Strike 0-1: Fly out, F9 (Line Drive, 9, EV 100.0 MPH)
|
|
Batting: LHB Joe Phillips
|
0-0: Ball 1-0: Foul Ball, location: 2F 1-1: Swinging Strike 1-2: Ball 2-2: Foul Ball, location: 2F 2-2: Ball 3-2: DOUBLE (Line Drive, 7LM, EV 92.5 MPH)
|
|
Batting: RHB Phil Holman
|
0-0: SINGLE (Groundball, 56, EV 96.2 MPH) Joe Phillips to third Runner from 3rd tries for Home, SAFE, throw by LF to home
|
|
Batting: RHB Toki Takeuchi
|
0-0: Ball 1-0: Called Strike Phil Holman steals 2nd base 1-1: Fly out, F7 (Flyball, 7D, EV 100.0 MPH)
|
| Bottom of the 5th over - 1 run, 2 hits, 0 errors, 1 left on base; Hartford 0 - Atlanta (MID) 1 |
| TOP OF THE 6TH |
|
Hartford Yard Goats batting - Pitching for Atlanta (MID) Braves : RHP Rashid bin Ala'
|
|
Batting: RHB Ighlas Mwara
|
0-0: Called Strike 0-1: Ground out U3 (Groundball, 3, EV 107.5 MPH)
|
|
Batting: RHB Doug D'Onofrio
|
0-0: Called Strike 0-1: Fly out, F9 (Line Drive, 89M, EV 86.2 MPH)
|
|
Batting: LHB Mick Tucker
|
0-0: Fly out, F8 (Flyball, 8RXD, EV 103.8 MPH)
|
| Top of the 6th over - 0 runs, 0 hits, 0 errors, 0 left on base; Hartford 0 - Atlanta (MID) 1 |
| BOTTOM OF THE 6TH |
|
Atlanta (MID) Braves batting - Pitching for Hartford Yard Goats : RHP Curt De Kock
|
|
Pitching: RHP Befikadu Mthuthuzeli
|
|
|
Batting: RHB Badr al Din Ridha
|
0-0: Ball 1-0: Ball 2-0: Ball 3-0: Base on Balls
|
|
Batting: RHB Zheng-ze King
|
0-0: Ball Badr al Din Ridha steals 2nd base 1-0: SINGLE (Line Drive, 78S, EV 105.0 MPH) Badr al Din Ridha to third
|
|
Batting: SHB Richello Badua
|
0-0: Reached on error, E3 (Groundball, 3, EV 110.0 MPH) Badr al Din Ridha scores Zheng-ze King to second
|
|
Batting: RHB Josh McCormick
|
0-0: Foul Ball, location: 2F 0-1: Ball 1-1: Ball 2-1: Foul Ball, location: 2F 2-2: Strikes out swinging
|
|
Batting: LHB Oke Monti
|
0-0: Called Strike 0-1: Ball 1-1: Ball 2-1: Called Strike 2-2: Ball 3-2: Base on Balls Zheng-ze King to third Richello Badua to second
|
|
Batting: RHB Nick Holsinger
|
0-0: Grounds into double play, 5-4-3 (Groundball, 56S, EV 89.4 MPH)
|
| Bottom of the 6th over - 1 run, 1 hit, 1 error, 2 left on base; Hartford 0 - Atlanta (MID) 2 |
| TOP OF THE 7TH |
|
Hartford Yard Goats batting - Pitching for Atlanta (MID) Braves : RHP Rashid bin Ala'
|
|
Batting: RHB Kevin Tangeman
|
0-0: Ground out 6-3 (Groundball, 6, EV 101.9 MPH)
|
|
Batting: LHB Paul McClintock
|
0-0: Called Strike 0-1: Ball 1-1: Ground out 1-3 (Groundball, 13S, EV 68.8 MPH)
|
|
Batting: RHB Manny Thompson
|
0-0: Ball 1-0: Ball 2-0: SINGLE (Groundball, 6M, EV 109.4 MPH)
|
|
Batting: SHB Craig Ruzic
|
0-0: Ball 1-0: Ball 2-0: Called Strike 2-1: Ball 3-1: Fly out, F6 (Popup, 6D, EV 50.0 MPH)
|
| Top of the 7th over - 0 runs, 1 hit, 0 errors, 1 left on base; Hartford 0 - Atlanta (MID) 2 |
| BOTTOM OF THE 7TH |
|
Atlanta (MID) Braves batting - Pitching for Hartford Yard Goats : RHP Befikadu Mthuthuzeli
|
|
Pitching: RHP Bobby Servin
|
|
|
Batting: LHB Joe Phillips
|
0-0: Ball 1-0: Ball 2-0: Called Strike 2-1: DOUBLE (Flyball, 78D, EV 89.4 MPH)
|
|
Batting: RHB Phil Holman
|
0-0: Ball 1-0: Called Strike 1-1: Ball 2-1: Swinging Strike 2-2: Foul Ball, location: 2F 2-2: Ball 3-2: Ground out 5-3 (Groundball, 56S, EV 70.6 MPH) Joe Phillips to third
|
|
Batting: RHB Toki Takeuchi
|
0-0: Ball 1-0: Ball 2-0: Ball 3-0: Called Strike 3-1: Foul Ball, location: 2F 3-2: Foul Ball, location: 2F 3-2: SINGLE (Groundball, 56, EV 98.8 MPH) (infield hit) Joe Phillips scores
|
|
Batting: RHB Badr al Din Ridha
|
0-0: Ball 1-0: Ball 2-0: Grounds into double play, 4-6-3 (Groundball, 4, EV 108.8 MPH)
|
| Bottom of the 7th over - 1 run, 2 hits, 0 errors, 0 left on base; Hartford 0 - Atlanta (MID) 3 |
| TOP OF THE 8TH |
|
Hartford Yard Goats batting - Pitching for Atlanta (MID) Braves : RHP Rashid bin Ala'
|
|
Batting: RHB Seisaburo Edagawa
|
0-0: Ball 1-0: SINGLE (Groundball, 6D, EV 100.6 MPH)
|
|
Batting: SHB Clayton Saunders
|
0-0: Swinging Strike 0-1: Ball 1-1: Ball 2-1: Ball 3-1: Base on Balls Seisaburo Edagawa to second
|
|
Pinch Hitting: RHB John Corfield
|
0-0: Ball 1-0: Called Strike 1-1: Ball 2-1: Foul Ball, location: 2F 2-2: Fly out, F9 (Line Drive, 89M, EV 103.8 MPH)
|
|
Batting: RHB Doug D'Onofrio
|
0-0: Swinging Strike 0-1: SINGLE (Groundball, 6MS, EV 68.8 MPH) (infield hit) Seisaburo Edagawa to third Clayton Saunders to second
|
|
Batting: LHB Mick Tucker
|
0-0: Ball 1-0: Swinging Strike 1-1: Swinging Strike 1-2: Strikes out swinging
|
|
Batting: RHB Kevin Tangeman
|
0-0: Called Strike 0-1: Ball 1-1: Ball 2-1: Ground out 1-3 (Groundball, 25, EV 70.0 MPH)
|
| Top of the 8th over - 0 runs, 2 hits, 0 errors, 3 left on base; Hartford 0 - Atlanta (MID) 3 |
| BOTTOM OF THE 8TH |
|
Atlanta (MID) Braves batting - Pitching for Hartford Yard Goats : RHP Bobby Servin
|
|
Pitching: LHP Juan Rivera
|
|
|
Now in CF: John Clark
|
|
|
Batting: RHB Zheng-ze King
|
0-0: Swinging Strike 0-1: Swinging Strike 0-2: Foul Ball, location: 2F 0-2: Ball 1-2: Foul Ball, location: 2F 1-2: Foul Ball, location: 2F 1-2: Strikes out swinging
|
|
Batting: SHB Richello Badua
|
0-0: Ball 1-0: Ball 2-0: SINGLE (Line Drive, 6MD, EV 96.9 MPH)
|
|
Batting: RHB Josh McCormick
|
0-0: Called Strike Richello Badua is caught stealing 2nd base 2-4 0-1: Ball 1-1: Ball 2-1: Swinging Strike 2-2: Ground out 6-3 (Groundball, 6, EV 105.0 MPH)
|
| Bottom of the 8th over - 0 runs, 1 hit, 0 errors, 0 left on base; Hartford 0 - Atlanta (MID) 3 |
| TOP OF THE 9TH |
|
Hartford Yard Goats batting - Pitching for Atlanta (MID) Braves : RHP Rashid bin Ala'
|
|
Batting: LHB Paul McClintock
|
0-0: SINGLE (Line Drive, 7LS, EV 91.9 MPH)
|
|
Batting: RHB Manny Thompson
|
0-0: Swinging Strike 0-1: Foul Ball, location: 2F 0-2: Strikes out swinging
|
|
Batting: SHB Craig Ruzic
|
0-0: Called Strike 0-1: Ball 1-1: DOUBLE (Groundball, 5L, EV 102.5 MPH) Paul McClintock to third
|
|
Batting: RHB Seisaburo Edagawa
|
0-0: Foul Ball, location: 2F 0-1: Ball 1-1: Called Strike 1-2: Fly out, F8 (Flyball, 89M, EV 95.6 MPH)
|
|
Batting: SHB Clayton Saunders
|
0-0: Ball 1-0: Ball 2-0: Foul Ball, location: 2F 2-1: Ball 3-1: Fly out, F7 (Flyball, 7LD, EV 90.6 MPH)
|
| Top of the 9th over - 0 runs, 2 hits, 0 errors, 2 left on base; Hartford 0 - Atlanta (MID) 3 |
|